 Dungeon Crawl Stone Soup version 0.31-a0-202-g547052bce9 (webtiles) character file.

Game seed: 12720097868797487625

22 qw the Shooter (level 2, -8/16 HPs)
             Began as a Deep Elf Hunter on June 26, 2023.
             Mangled by a worm (10 damage)
             ... on level 2 of the Dungeon.
             The game lasted 00:00:16 (977 turns).

qw the Shooter (Deep Elf Hunter)                     Turns: 977, Time: 00:00:16

Health: -8/16      AC:  3    Str:  8    XL:     2   Next: 68%
Magic:  4/4        EV: 12    Int: 13    God:
Gold:   87         SH:  0    Dex: 18    Spells: 1/1 levels left

rFire   . . .        Y - +0 shortbow
rCold   . . .        (shield currently unavailable)
rNeg    . . .        c - +0 leather armour
rPois   .            (no helmet)
rElec   .            (no cloak)
rCorr   .            (no gloves)
SInv    .            (no boots)
Will    .....        (no amulet)
Stlth   ++           (no ring)
HPRegen 0.22/turn    (no ring)
MPRegen 0.09/turn

%: no passive effects
@: no status effects
A: no striking features
a: no special abilities


You were on level 2 of the Dungeon.
You visited 1 branch of the dungeon, and saw 2 of its levels.

You collected 87 gold pieces.


   Skills:
 - Level 1.5 Fighting
 + Level 6.4 Ranged Weapons
 - Level 2.4 Dodging
 - Level 1.2 Stealth


You had one spell level left.
You didn't know any spells.
Your spell library was empty.

Inventory:

Hand Weapons
 Y - a +0 shortbow (weapon)
Armour
 c - a +0 leather armour (worn)
Scrolls
 a - a scroll of fear {unknown}
Potions
 e - a potion of haste {unknown}
 f - a potion of berserk rage {unknown}
 i - a potion of degeneration {unknown}

Dungeon Overview and Level Annotations

Branches:
Dungeon (2/15)

Altars:
Ru


Message History

Enter note:
Enter note:
Enter note: You shoot an arrow.
The arrow hits the kobold but does no damage.
You shoot an arrow.
The arrow hits the kobold but does no damage.
You shoot an arrow. The arrow closely misses the kobold.
You shoot an arrow. The arrow hits the kobold.
You kill the kobold!
Things that are here:
a +0 short sword; a kobold corpse
There is a stone staircase leading up here.
Found a stone staircase leading down.
Enter note:
Enter note:
Enter note:
There is a stone staircase leading down here.
A worm comes into view.
The worm moves out of view.
Enter note:
Enter note:
Enter note:
Enter note:
Enter note:
Enter note: You shoot an arrow.
The arrow barely misses the worm.
The worm bites you.
You shoot an arrow. The arrow hits the worm.
The worm is moderately wounded.
The worm bites you!
Ouch! That really hurt!
You shoot an arrow. The arrow barely misses the worm.
The worm bites you.
You shoot an arrow. The arrow hits the worm.
The worm is heavily wounded.
You shoot an arrow. The arrow completely misses the worm.
The worm bites you!
Ouch! That really hurt!
You die...

#..# #..# #.># #..# #..#
#..# ########..#
#.........#
#@#######.########
........w...............
........########.#######
######### #.# #.# #.#
#.# #.# ..#


You could see a worm.

Vanquished Creatures
  4 goblins (D:1)
  4 hobgoblins (D:1)
  A quokka (D:1)
  3 ball pythons (D:1)
  2 bats
  5 kobolds
  4 rats (D:1)
23 creatures vanquished.

Notes
Turn   | Place    | Note
-------+----------+-------------------------------------------
     0 | D:1      | qw the Deep Elf Hunter began the quest for the Orb.
     0 | D:1      | Reached XP level 1. HP: 12/12 MP: 3/3
     0 | D:1      | 0 ||| qw: Version: 0.3-a-22-g0ed2b0b
     0 | D:1      | 0 ||| qw: Game counter: 6195
     0 | D:1      | 0 ||| qw: Melee chars always use a shield: true
     0 | D:1      | 0 ||| qw: God list: Okawaru
     0 | D:1      | 0 ||| qw: Allow faded altars: false
     0 | D:1      | 0 ||| qw: Do Orc after clearing Dungeon:15 true
     0 | D:1      | 0 ||| qw: Do second Lair branch before Depths: true
     0 | D:1      | 0 ||| qw: Lair rune preference: random
     0 | D:1      | 0 ||| qw: Goals: Normal
     0 | D:1      | 0 ||| PLANNING D:1-11
   176 | D:1      | Reached skill level 6 in Ranged Weapons
   176 | D:1      | Reached XP level 2. HP: 16/16 MP: 4/4
   781 | D:1      | 781 ||| READING scroll labelled PASUSA CYIROLI.
   785 | D:1      | 785 ||| READING scroll labelled GIYGIR DAOFI.
   786 | D:1      | 786 ||| READING scroll labelled XINEURE TAQA.
   787 | D:1      | 787 ||| READING scroll labelled NUNARE MAOPASE.
   788 | D:1      | 788 ||| DROPPING scroll of butterflies.
   834 | D:2      | Found a sacrificial altar of Ru.
   975 | D:2      | HP: 1/16 [worm (5)]
   977 | D:2      | Mangled by a worm

Levels and vault maps discovered:
D:1:      mainiacjoe_arrival_reflecting_pool, layout_basic,
          nicolae_figureground_pulse
D:2:      layout_loops_ring, basic_altar

Skill      XL: |  1 |
---------------+----+-----
Ranged Weapons | 6 |  6.4
Fighting       | |  1.5
Dodging        | |  2.4
Stealth        | |  1.2

Action                     || total
---------------------------++-------
   Fire: Shortbow          ||    51
    Use: Scroll            ||     4
 Armour: Leather armour    ||     2
  Dodge: Dodged            ||     5

Table legend:
 A = Non-vault XP
 B = Vault XP
 C = Vault XP percentage of total XP
 D = Non-vault monster count
 E = Vault monster count
 F = Vault count percentage of total count
                 A         B        C        D         E       F
            +---------+---------+-------+---------+---------+-------
      Total |      32 |       0 |   0.0 |      23 |       0 |   0.0
            +---------+---------+-------+---------+---------+-------
        D:1 |      29 |       0 |   0.0 |      21 |       0 |   0.0
        D:2 |       3 |       0 |   0.0 |       2 |       0 |   0.0
            +---------+---------+-------+---------+---------+-------
